 Dungeon Sprint DCSS version 0.26-a0-720-g2a1d101370 (webtiles) character file.

Game seed: 6531674411865447169

535391 mhtbhm the Axe Maniac (level 21, -19/156 HPs)
             Began as a Minotaur Fighter on Nov 3, 2020.
             Was the Champion of Trog.
             Killed from afar by Asmodeus (51 damage)
             ... with damnation
             ... in the Dungeon (Sprint IX: "|||||||||||||||||||||||||||||").
             The game lasted 00:29:09 (13513 turns).

mhtbhm the Axe Maniac (Minotaur Fighter)           Turns: 13513, Time: 00:29:10

Health: -19/156    AC: 48    Str: 33    XL:     21   Next: 76%
Magic:  20/20      EV: 24    Int:  3    God:    Trog [******]
Gold:   72         SH: 25    Dex: 17    Spells: 20/20 levels left

rFire    + . .     SeeInvis .   J - +7 sacred scourge (holy)
rCold    + + +     Faith    .   c - +0 kite shield {reflect}
rNeg     . . .     Spirit   .   b - +9 gold dragon scales
rPois    +         Reflect  +   (helmet restricted)
rElec    +         Harm     .   u - +0 cloak {MR+}
rCorr    .         Rampage  .   I - +0 pair of gloves {Dex+3}
MR       +++++     NoTele   +   t - +0 pair of boots
Stlth    ++........             V - amulet of Contentment {Reflect rC+ Slay+2 SH+5}
HPRegen  1.00/turn              Q - ring of Lies {+Fly rElec rPois rC+ MR+}
MPRegen  0.17/turn              O - +6 ring of strength

@: mighty, berserk cooldown, regenerating, hasted and slowed
A: retaliatory headbutt, horns 2, iridescent scales 1, slimy green scales 1,
thin metallic scales 1, dopey 1, frail 3, screaming 1, inhibited regeneration
}: 9/17 runes: decaying, serpentine, barnacled, slimy, elven, silver, golden,
abyssal, gossamer
a: Berserk, Trog's Hand, Brothers in Arms, Renounce Religion, Evoke Flight


You were in the Dungeon.
You worshipped Trog.
Trog was exalted by your worship.
You visited 1 branch You collected 2010 gold pieces.
You spent 1938 gold pieces at shops.

Inventory:

Hand Weapons
 a - the +8 mithril axe "Arga" {speed, MR+}
   (You bought it in a shop in the Dungeon)

   Attacks with this weapon are significantly faster.
   It affects your resistance to hostile enchantments.
 q - the +9 morningstar of Izxacw {vorpal, rC+}
   (Trog gifted it to you in the Dungeon)

   It inflicts extra damage upon your enemies.
   It protects you from cold.
 r - a +2 demon trident
 y - a +0 rapier
 C - the +9 broad axe of Symmetry {vorpal, Str+7}
   (Trog gifted it to you in the Dungeon)

   It inflicts extra damage upon your enemies.
   It affects your strength (+7).
 J - a +7 sacred scourge of holy wrath (weapon)
 K - the +14 obsidian axe {vorpal, +Fly SInv *Curse}
   (Trog gifted it to you in the Dungeon)

   It inflicts extra damage upon your enemies.
   It lets you see invisible.
   It lets you fly.
   It curses itself when equipped.
Missiles
 v - 9 curare-tipped darts (quivered)
Armour
 b - +9 gold dragon scales (worn)
 c - a +0 kite shield of reflection (worn)
 t - a +0 pair of boots (worn)
 u - a +0 cloak of magic resistance (worn)
 I - a +0 pair of gloves of dexterity (worn)
Jewellery
 z - an uncursed ring of see invisible
 O - a +6 ring of strength (right hand)
 Q - the ring of Lies (left hand) {+Fly rElec rPois rC+ MR+}
   (You found it in the Dungeon)

   [ring of poison resistance]

   It protects you from cold.
   It insulates you from electricity.
   It protects you from poison.
   It affects your resistance to hostile enchantments.
   It lets you fly.
 V - the amulet of Contentment (around neck) {Reflect rC+ Slay+2 SH+5}
   (You found it in the Dungeon)

   [amulet of reflection]

   It shields you and reflects attacks.
   It affects your accuracy and damage with ranged weapons and melee attacks
   (+2).
   It protects you from cold.
   It affects your SH (+5).
Wands
 m - a wand of acid (1)
 x - a wand of polymorph (4)
Scrolls
 j - a scroll of blinking
 l - 9 scrolls of remove curse
 w - 4 scrolls of fear
 L - 2 scrolls of fog
Potions
 d - a potion of might
 e - a potion of invisibility
 f - a potion of heal wounds
 g - 8 potions of haste
 h - 10 potions of magic
 i - 3 potions of berserk rage
 k - 5 potions of curing
 n - 2 potions of mutation
 o - a potion of resistance
 p - 4 potions of stabbing
 A - a potion of flight
 N - a potion of lignification {unknown}
Miscellaneous
 s - the horn of Geryon


   Skills:
 O Level 27 Fighting
 O Level 27 Short Blades
 O Level 27 Axes
 + Level 19.3(25.1) Maces & Flails
 O Level 27 Throwing
 O Level 27 Armour
 O Level 27 Dodging
 * Level 24.1 Stealth
 O Level 27 Shields
 O Level 27 Unarmed Combat
 * Level 26.1 Evocations


You had 20 spell levels left.
You didn't know any spells.
Your spell library was empty.

Dungeon Overview and Level Annotations

Branches:
Dungeon (1/1)

Altars:
Cheibriados
Dithmenos
Elyvilon
Fedhas
Gozag
Hepliaklqana
Kikubaaqudgha
Makhleb
Nemelex Xobeh
Okawaru
Qazlal
Ru
Sif Muna
Trog
Uskayaw
Vehumet
Wu Jian
Xom
Yredelemnul
Zin
The Shining One
Beogh
Jiyva
Lugonu

Shops:
D ?(*(

Annotations:
D Asmodeus, Mnoleg


Innate Abilities, Weirdness & Mutations

You reflexively headbutt those who attack you in melee.
You have a pair of horns on your head.
You are partially covered in iridescent scales. (AC +2)
You are partially covered in slimy green scales. (AC +2)
You are partially covered in thin metallic scales. (AC +2)
You are dopey. (Int -2)
You are extremely frail. (-30% HP)
You occasionally shout uncontrollably at your foes.
You do not regenerate when monsters are visible.


Message History

* * * LOW HITPOINT WARNING * * *
The balrug gestures at you.
The fireball explodes!
The fireball engulfs you but does no damage.
The fireball engulfs Asmodeus.
Asmodeus completely resists.
The fireball engulfs the balrug.
The balrug completely resists.
Mnoleg gestures.
Something shouts, "I shall devour thy viscera!"
Unknown command.
Unknown command.
Press: ? - help, Dir - move target cursor
As you read the scroll of blinking, it crumbles to dust.
You are covered in liquid flames!
Asmodeus gestures.
Asmodeus shouts, "Despond, thou fobbing rump-fed pigeon-egg!"
Asmodeus gestures.
The sun demon disappears in a puff of smoke!
Asmodeus gestures at you.
The sphere of damnation explodes!
The damnation engulfs you!!!
You die...

.....').....))))))))).....(.)))))
▓▓▓▓▓▓▓▓▓▓▓▓▓▓▓▓▓▓▓▓▓♣♣♣♣♣♣♣♣♣♣♣♣
.................................
▓▓▓▓▓▓▓▓▓▓▓▓▓▓▓▓▓▓▓▓▓▓▓▓▓▓▓▓▓▓▓▓▓
.....)..').......)'.....)....')..
▓▓▓▓▓▓▓▓▓▓▓▓▓▓▓▓▓▓▓▓▓▓▓▓▓▓▓▓▓▓▓▓▓
.................................
▓▓▓▓▓▓▓▓▓▓▓▓▓▓▓▓▓▓▓▓▓▓▓▓▓▓▓▓▓▓▓▓▓
.2).☼R..○&§.....@................
▓▓▓▓▓▓▓▓▓▓▓▓▓▓▓▓▓▓▓▓▓▓▓▓▓▓▓▓▓▓▓▓▓


You could see Asmodeus (fast, clouds).

Vanquished Creatures
  the Royal Jelly (D)
  Dispater (D)
  5 orbs of fire (D)
  Mara (D)
  Mennas (D)
  4 ancient liches (D)
  2 juggernauts (D)
  4 greater mummies (D)
  Sojobo (D)
  Geryon (D)
  Margery (D)
  Nikola (D)
  5 golden dragons (D)
  Jory (D)
  2 electric golems (D)
  5 liches (D)
  6 tentacled monstrosities (D)
  28 Orb Guardians (D)
  2 deep elf master archers (D)
  3 deep elf blademasters (D)
  4 acid blobs (D)
  2 death cobs (D)
  A tentacled starspawn (D)
  12 sphinxes (D)
  A quicksilver dragon (D)
  Agnes (D)
  3 storm dragons (D)
  6 shadow dragons (D)
  2 fire giants (D)
  2 tengu reavers (D)
  Donald (D)
  Ilsuiw (D)
  2 draconian monks (D)
  2 deep elf sorcerers (D)
  A draconian knight (D)
  A frost giant (D)
  4 nagarajas (D)
  3 azure jellies (D)
  4 vault wardens (D)
  An iron dragon (D)
  2 ghost moths (D)
  6 emperor scorpions (D)
  An ironheart preserver (D)
  3 draconian shifters (D)
  3 draconian annihilators (D)
  2 green draconians (D)
  3 stone giants (D)
  A very ugly thing (D)
  6 vampire knights (D)
  2 entropy weavers (D)
  A starcursed mass (D)
  4 deep elf demonologists (D)
  Nessos (D)
  6 white draconians (D)
  3 red draconians (D)
  3 yellow draconians (D)
  5 purple draconians (D)
  4 ettins (D)
  2 mummy priests (D)
  4 fire dragons (D)
  11 death oozes (D)
  A deep elf death mage (D)
  5 merfolk impalers (D)
  Erolcha (D)
  A deep elf high priest (D)
  2 great orbs of eyes (D)
  9 hydras (D)
  An ogre mage (D)
  7 ice dragons (D)
  A yaktaur captain (D)
  A spriggan air mage (D)
  4 naga warriors (D)
  25 vault guards (D)
  A catoblepas (D)
  5 merfolk aquamancers (D)
  A death yak (D)
  2 merfolk avatars (D)
  A two-headed ogre (D)
  Erica (D)
  2 tengu warriors (D)
  3 orc high priests (D)
  A deep troll earth mage (D)
  A shock serpent (D)
  2 spriggan berserkers (D)
  5 hell knights (D)
  Sonja (D)
  A wretched star (D)
  A deep elf knight (D)
  2 flayed ghosts (D)
  7 swamp dragons (D)
  A sea snake (D)
  A glowing orange brain (D)
  A deep elf archer (D)
  2 spriggan druids (D)
  A wizard (D)
  4 ironbrand convokers (D)
  3 ugly things (D)
  7 orc knights (D)
  7 orc sorcerers (D)
  4 orb spiders (D)
  2 deep elf magi (D)
  A merfolk siren (D)
  10 moths of wrath (D)
  3 wolf spiders (D)
  2 guardian serpents (D)
  2 rust devils (D)
  3 black mambas (D)
  3 naga magi (D)
  8 elephants (D)
  3 cane toads (D)
  A vault sentinel (D)
  2 freezing wraiths (D)
  4 yaktaurs (D)
  2 demonic crawlers (D)
  A komodo dragon (D)
  20 guardian mummies (D)
  A wandering mushroom (D)
  A tengu conjurer (D)
  A polar bear (shapeshifter) (D)
  A jumping spider (D)
  4 merfolk (D)
  A tyrant leech (D)
  2 large abominations (D)
  2 slime creatures (D)
  3 snapping turtles (D)
  2 shadows (D)
  3 yaks (D)
  2 redbacks (D)
  11 spriggans (D)
  3 wraiths (D)
  2 tarantellas (D)
  2 golden eyes (D)
  A basilisk (D)
  A hog (shapeshifter) (D)
  3 wyverns (D)
  Eustachio (D)
  A vampire mosquito (D)
  An acid dragon (D)
  An insubstantial wisp (D)
  5 nagas (D)
  5 floating eyes (D)
  2 water moccasins (D)
  A small abomination (D)
  3 swamp drakes (D)
  9 orc warriors (D)
  A sky beast (D)
  2 boggarts (D)
  2 centaurs (D)
  5 bullfrogs (D)
  A scorpion (D)
  A wight (D)
  2 hounds (D)
  4 orc priests (D)
  3 orc wizards (D)
  A white imp (D)
  An adder zombie (D)
  9 orcs (D)
  A ball python (D)
  A bat (D)
  2 goblins (D)
  A jackal (D)
  A kobold (D)
  A leopard gecko zombie (D)
  A quokka zombie (D)
  A starspawn tentacle (D)
511 creatures vanquished.

Vanquished Creatures (collateral kills)
  2 greater mummies (D)
2 creatures vanquished.

Vanquished Creatures (others)
  A deep elf annihilator (D)
  An orc wizard (D)
  An orc (D)
3 creatures vanquished.

Grand Total: 516 creatures vanquished

Notes
Turn   | Place    | Note
-------+----------+-------------------------------------------
     0 | D        | mhtbhm the Minotaur Fighter began the quest for the Orb.
     0 | D        | Reached XP level 1. HP: 19/19 MP: 0/0
    51 | D        | Noticed a centaur
    51 | D        | Noticed an orc wizard
    51 | D        | Noticed a hound
    51 | D        | Noticed a scorpion
    59 | D        | Killed a scorpion
    59 | D        | Reached skill level 5 in Fighting
    59 | D        | Reached skill level 5 in Armour
    59 | D        | Reached XP level 2. HP: 22/30 MP: 1/1
    59 | D        | Reached XP level 3. HP: 27/37 MP: 2/2
    69 | D        | Reached skill level 1 in Dodging
    69 | D        | Reached XP level 4. HP: 22/45 MP: 3/3
    82 | D        | Killed a centaur
    82 | D        | Reached XP level 5. HP: 24/52 MP: 4/4
    91 | D        | Found a roughly hewn altar of Beogh.
    91 | D        | Found a snail-covered altar of Cheibriados.
    91 | D        | Found a shadowy altar of Dithmenos.
    91 | D        | Found a white marble altar of Elyvilon.
    91 | D        | Found a blossoming altar of Fedhas.
    91 | D        | Found an opulent altar of Gozag.
    92 | D        | Found a hazy altar of Hepliaklqana.
    93 | D        | Found a viscous altar of Jiyva.
    94 | D        | Found an ancient bone altar of Kikubaaqudgha.
    95 | D        | Found a corrupted altar of Lugonu.
    96 | D        | Found a burning altar of Makhleb.
    97 | D        | Found a sparkling altar of Nemelex Xobeh.
    98 | D        | Found an iron altar of Okawaru.
    99 | D        | Found a stormy altar of Qazlal.
   100 | D        | Found a sacrificial altar of Ru.
   101 | D        | Found a shimmering blue altar of Sif Muna.
   102 | D        | Found a bloodstained altar of Trog.
   103 | D        | Found a hide-covered altar of Uskayaw.
   104 | D        | Found a radiant altar of Vehumet.
   105 | D        | Found an ornate altar of the Wu Jian Council.
   106 | D        | Found a shimmering altar of Xom.
   107 | D        | Found a basalt altar of Yredelemnul.
   108 | D        | Found a glowing silver altar of Zin.
   109 | D        | Found a glowing golden altar of the Shining One.
   112 | D        | Became a worshipper of Trog the Wrathful
   381 | D        | Noticed a centaur
   381 | D        | Noticed a sky beast
   388 | D        | Killed a sky beast
   388 | D        | Reached skill level 5 in Short Blades
   393 | D        | Reached XP level 6. HP: 55/62 MP: 5/5
   395 | D        | Reached * piety under Trog
   398 | D        | Reached skill level 10 in Shields
   403 | D        | Reached ** piety under Trog
   497 | D        | Noticed a wraith
   497 | D        | Noticed a wyvern
   497 | D        | Noticed a wyvern
   497 | D        | Noticed a wraith
   497 | D        | Noticed an orc warrior
   497 | D        | Noticed a six-headed hydra
   504 | D        | Killed a six-headed hydra
   504 | D        | Reached skill level 10 in Fighting
   504 | D        | Reached skill level 10 in Armour
   504 | D        | Reached XP level 7. HP: 55/73 MP: 6/6
   504 | D        | Reached XP level 8. HP: 61/81 MP: 7/7
   511 | D        | Reached skill level 5 in Dodging
   514 | D        | Reached *** piety under Trog
   514 | D        | Reached skill level 10 in Short Blades
   846 | D        | Gained mutation: You are agile. (Dex +2) [potion of
                  | mutation]
   846 | D        | Gained mutation: You have a pair of large horns on your
                  | head. [potion of mutation]
   847 | D        | Noticed a five-headed hydra
   847 | D        | Noticed an eight-headed hydra
   851 | D        | Reached **** piety under Trog
   851 | D        | Reached skill level 1 in Stealth
   851 | D        | Reached XP level 9. HP: 90/90 MP: 8/8
   852 | D        | Noticed a cane toad
   854 | D        | Killed an eight-headed hydra
   859 | D        | Killed a five-headed hydra
   871 | D        | Reached ***** piety under Trog
   875 | D        | Killed a cane toad
   875 | D        | Reached XP level 10. HP: 101/101 MP: 9/9
   877 | D        | Received a gift from Trog
  1001 | D        | Noticed a cane toad
  1001 | D        | Noticed a cane toad
  1002 | D        | Noticed a death yak
  1006 | D        | Killed a cane toad
  1010 | D        | Noticed a catoblepas
  1023 | D        | Received a gift from Trog
  1023 | D        | Reached skill level 15 in Shields
  1177 | D        | Killed a death yak
  1180 | D        | Killed a cane toad
  1199 | D        | Killed a catoblepas
  1445 | D        | Noticed an elephant
  1445 | D        | Noticed an elephant
  1445 | D        | Noticed an elephant
  1445 | D        | Noticed an elephant
  1445 | D        | Noticed an elephant
  1445 | D        | Noticed an elephant
  1450 | D        | Killed an elephant
  1455 | D        | Killed an elephant
  1459 | D        | Killed an elephant
  1466 | D        | Killed an elephant
  1466 | D        | Reached ****** piety under Trog
  1466 | D        | Reached XP level 11. HP: 111/111 MP: 10/10
  1472 | D        | Received a gift from Trog
  1472 | D        | Reached skill level 15 in Fighting
  1479 | D        | Reached skill level 15 in Short Blades
  1571 | D        | Noticed Eustachio
  1596 | D        | Killed Eustachio
  1610 | D        | Noticed Sonja
  1645 | D        | Killed Sonja
  1927 | D        | Received a gift from Trog
  1943 | D        | Noticed an ettin
  1944 | D        | Received a gift from Trog
  1954 | D        | Killed an ettin
  2041 | D        | Noticed an orc sorcerer
  2052 | D        | Noticed an orc knight
  2053 | D        | Killed an orc sorcerer
  2053 | D        | Received a gift from Trog
  2062 | D        | Noticed an orc high priest
  2079 | D        | Killed an orc knight
  2079 | D        | Reached skill level 1 in Evocations
  2084 | D        | Received a gift from Trog
  2094 | D        | Killed an orc high priest
  2243 | D        | Found Ecimn's Antique Weapon Boutique.
  2243 | D        | Noticed an orc high priest
  2243 | D        | Noticed an orc sorcerer
  2243 | D        | Noticed an orc sorcerer
  2243 | D        | Noticed an orc high priest
  2243 | D        | Noticed an orc sorcerer
  2245 | D        | Noticed a sun demon
  2249 | D        | Killed an orc sorcerer
  2253 | D        | Noticed a sun demon
  2256 | D        | Killed an orc high priest
  2257 | D        | Found Onaviq's Assorted Antiques.
  2257 | D        | Noticed an orc sorcerer
  2261 | D        | Killed an orc sorcerer
  2261 | D        | Received a gift from Trog
  2263 | D        | Found Peoxerchallo's Antique Weapon Boutique.
  2263 | D        | Noticed an orc sorcerer
  2266 | D        | Killed an orc sorcerer
  2271 | D        | Killed an orc high priest
  2271 | D        | Reached XP level 12. HP: 104/125 MP: 11/11
  2272 | D        | Paralysed by an orc sorcerer for 2 turns
  2280 | D        | Found Fitwonla's Magic Scroll Shop.
  2285 | D        | Received a gift from Trog
  2332 | D        | Received a gift from Trog
  2391 | D        | Bought the +8 mithril axe "Arga" {speed, MR+} for 1938 gold
                  | pieces
  2391 | D        | Found the +8 mithril axe "Arga" {speed, MR+}
  2808 | D        | Found the +27 Lear's hauberk
  2875 | D        | Lost mutation: You are agile. (Dex +2) [potion of mutation]
  2875 | D        | Lost mutation: You have a pair of large horns on your head.
                  | [potion of mutation]
  2875 | D        | Gained mutation: You are partially covered in slimy green
                  | scales. (AC +2) [potion of mutation]
  2875 | D        | Gained mutation: You are partially covered in thin metallic
                  | scales. (AC +2) [potion of mutation]
  2876 | D        | Noticed a two-headed ogre
  2879 | D        | Reached skill level 1 in Axes
  2881 | D        | Noticed a four-headed hydra
  2885 | D        | Killed a two-headed ogre
  2890 | D        | Noticed a fire dragon
  2892 | D        | Killed an eight-headed hydra
  2897 | D        | Received a gift from Trog
  2897 | D        | Reached skill level 5 in Axes
  2903 | D        | Noticed a fire dragon
  2907 | D        | Noticed a great orb of eyes
  2909 | D        | Reached skill level 10 in Dodging
  2913 | D        | Killed a fire dragon
  2913 | D        | Noticed an ogre mage
  2923 | D        | Received a gift from Trog
  2929 | D        | Killed a fire dragon
  2929 | D        | Reached skill level 10 in Axes
  2934 | D        | Killed a great orb of eyes
  2939 | D        | Killed an ogre mage
  3430 | D        | Noticed a naga warrior
  3438 | D        | Killed a naga warrior
  3438 | D        | Received a gift from Trog
  3454 | D        | Noticed a naga warrior
  3470 | D        | Received a gift from Trog
  3482 | D        | Killed a naga warrior
  3482 | D        | Reached XP level 13. HP: 36/136 MP: 12/12
  3800 | D        | Noticed a merfolk impaler
  3810 | D        | Reached skill level 15 in Axes
  3837 | D        | Killed a merfolk impaler
  3848 | D        | Received a gift from Trog
  3944 | D        | Reached skill level 15 in Armour
  3954 | D        | Received a gift from Trog
  4028 | D        | Noticed an emperor scorpion
  4047 | D        | Killed an emperor scorpion
  4047 | D        | Received a gift from Trog
  4115 | D        | Noticed Erolcha
  4120 | D        | Killed Erolcha
  4120 | D        | Received a gift from Trog
  4159 | D        | Noticed Nessos
  4185 | D        | Killed Nessos
  4358 | D        | Noticed Erica
  4365 | D        | Killed Erica
  4399 | D        | Noticed a stone giant
  4408 | D        | Received a gift from Trog
  4409 | D        | Noticed an ettin
  4409 | D        | Noticed an ettin
  4412 | D        | Killed a stone giant
  4423 | D        | Noticed a fire dragon
  4440 | D        | Killed an ettin
  4443 | D        | Killed an ettin
  4445 | D        | Noticed a stone giant
  4446 | D        | Received a gift from Trog
  4450 | D        | Killed a fire dragon
  4461 | D        | Noticed a fire dragon
  4471 | D        | Reached XP level 14. HP: 76/149 MP: 13/13
  4474 | D        | Paralysed by a floating eye for 2 turns
  4480 | D        | Paralysed by a floating eye for 3 turns
  4484 | D        | Killed a stone giant
  4489 | D        | Received a gift from Trog
  4491 | D        | Paralysed by a floating eye for 4 turns
  4965 | D        | Noticed an entropy weaver
  4967 | D        | Noticed a vault warden
  4974 | D        | Received a gift from Trog
  4986 | D        | Killed an entropy weaver
  4986 | D        | Received a gift from Trog
  4986 | D        | Noticed a stone giant
  4991 | D        | Killed a vault warden
  5007 | D        | Killed a stone giant
  5034 | D        | Received a gift from Trog
  5051 | D        | Noticed a vault warden
  5063 | D        | Killed a vault warden
  5076 | D        | Received a gift from Trog
  5273 | D        | Noticed Donald
  5282 | D        | Killed Donald
  5339 | D        | Noticed Margery
  5356 | D        | Killed Margery
  5379 | D        | Received a gift from Trog
  5396 | D        | Got a slimy broad axe {god gift}
  5775 | D        | Noticed an emperor scorpion
  5789 | D        | Killed an emperor scorpion
  5932 | D        | Noticed Agnes
  5933 | D        | Noticed Nikola
  5939 | D        | Killed Agnes
  5946 | D        | Noticed Mennas
  5985 | D        | Killed Mennas
  5985 | D        | Reached skill level 27 in Axes
  5985 | D        | Reached XP level 15. HP: 92/166 MP: 14/14
  5992 | D        | Killed Nikola
  5992 | D        | Received a gift from Trog
  6159 | D        | Noticed Ilsuiw
  6188 | D        | Killed Ilsuiw
  6188 | D        | Received a gift from Trog
  6202 | D        | Received a gift from Trog
  6226 | D        | Received a gift from Trog
  6238 | D        | Got a barnacled rune of Zot
  6324 | D        | Noticed a nagaraja
  6324 | D        | Noticed a nagaraja
  6335 | D        | Noticed a nagaraja
  6345 | D        | Killed a nagaraja
  6353 | D        | Killed a nagaraja
  6353 | D        | Received a gift from Trog
  6356 | D        | Noticed a nagaraja
  6362 | D        | Killed a nagaraja
  6372 | D        | Received a gift from Trog
  6377 | D        | Killed a nagaraja
  6385 | D        | Received a gift from Trog
  6389 | D        | Got a serpentine rune of Zot
  6606 | D        | Received a gift from Trog
  6622 | D        | Reached skill level 27 in Fighting
  6624 | D        | Got a decaying rune of Zot
  6797 | D        | Received a gift from Trog
  6840 | D        | Reached XP level 16. HP: 61/183 MP: 15/15
  6848 | D        | Received a gift from Trog
  6855 | D        | Got a gossamer rune of Zot
  7160 | D        | Received a gift from Trog
  7187 | D        | Received a gift from Trog
  7188 | D        | Found the +14 obsidian axe {vorpal, +Fly SInv *Curse}
  7407 | D        | Received a gift from Trog
  7421 | D        | Reached skill level 27 in Shields
  7436 | D        | Noticed a shadow dragon
  7438 | D        | Received a gift from Trog
  7444 | D        | Noticed a shadow dragon
  7454 | D        | Killed a shadow dragon
  7475 | D        | Killed a shadow dragon
  7475 | D        | Received a gift from Trog
  7475 | D        | Reached skill level 15 in Dodging
  7646 | D        | Noticed a shadow dragon
  7646 | D        | Noticed a golden dragon
  7646 | D        | Noticed a lich
  7646 | D        | Noticed a shadow dragon
  7647 | D        | Identified the ring of Waphats {rPois MR+ Int-5 Dex+7}
  7651 | D        | Received a gift from Trog
  7652 | D        | Noticed an ancient lich
  7661 | D        | Killed a shadow dragon
  7662 | D        | Noticed a shadow dragon
  7666 | D        | Killed a lich
  7671 | D        | Killed a golden dragon
  7678 | D        | Killed a shadow dragon
  7686 | D        | Killed an ancient lich
  7686 | D        | Reached skill level 27 in Armour
  7686 | D        | Reached XP level 17. HP: 139/191 MP: 16/16
  7691 | D        | Noticed an Orb Guardian
  7696 | D        | Received a gift from Trog
  7706 | D        | Killed an Orb Guardian
  7714 | D        | Got a sparkling glass ring
  7719 | D        | Got a silver rune of Zot
  7729 | D        | Identified the +9 broad axe of Symmetry {vorpal, Str+7}
                  | (Trog gifted it to you in the Dungeon)
  7786 | D        | Noticed Sojobo
  7796 | D        | Received a gift from Trog
  7806 | D        | Killed Sojobo
  7903 | D        | Noticed Jory
  7915 | D        | Killed Jory
  7915 | D        | Received a gift from Trog
  7940 | D        | Got the ring "Isodgh" {rC+ Int+2}
  7942 | D        | Got the ring of Lady Luck {Ice rN+ MR+ Slay-4 Stlth+}
  7944 | D        | Got the amulet of Kikubaaqudgha's Hope {Faith +Inv rPois
                  | SInv}
  7946 | D        | Found the +6 Majin-Bo {vamp, MP+6 Int+6}
  7946 | D        | Got the amulet "Jerotes" {RegenMP rPois Str+5 Int+2}
  7948 | D        | Got the amulet of Contentment {Reflect rC+ Slay+2 SH+5}
  7951 | D        | Found the +11 plutonium sword {*Contam Stlth-}
  8004 | D        | Identified the ring of Lies {+Fly rElec rPois rC+ MR+} (You
                  | found it in the Dungeon)
  8146 | D        | Noticed Mara
  8155 | D        | Killed Mara
  8217 | D        | Noticed a juggernaut
  8217 | D        | Noticed a juggernaut
  8232 | D        | Killed a juggernaut
  8242 | D        | Killed a juggernaut
  8255 | D        | Received a gift from Trog
  8263 | D        | Reached skill level 27 in Dodging
  8326 | D        | Noticed a golden dragon
  8340 | D        | Killed a golden dragon
  8340 | D        | Reached skill level 5 in Unarmed Combat
  8349 | D        | Received a gift from Trog
  8349 | D        | Reached skill level 5 in Throwing
  8353 | D        | Reached skill level 5 in Evocations
  8383 | D        | Received a gift from Trog
  8485 | D        | Noticed a tentacled monstrosity
  8493 | D        | Reached XP level 18. HP: 200/200 MP: 4/17
  8498 | D        | Reached skill level 10 in Maces & Flails
  8502 | D        | Killed a tentacled monstrosity
  8511 | D        | Received a gift from Trog
  8511 | D        | Reached skill level 10 in Unarmed Combat
  8567 | D        | Noticed a tentacled monstrosity
  8575 | D        | Reached skill level 10 in Throwing
  8586 | D        | Killed a tentacled monstrosity
  8586 | D        | Received a gift from Trog
  8605 | D        | Reached skill level 10 in Evocations
  8608 | D        | Received a gift from Trog
  8642 | D        | Noticed a tentacled monstrosity
  8643 | D        | Noticed a tentacled monstrosity
  8652 | D        | Killed a tentacled monstrosity
  8669 | D        | Killed a tentacled monstrosity
  8674 | D        | Received a gift from Trog
  8742 | D        | Noticed a tentacled monstrosity
  8742 | D        | Noticed a golden dragon
  8742 | D        | Noticed an orb of fire
  8765 | D        | Gained mutation: You are partially covered in iridescent
                  | scales. (AC +2) [an orb of fire]
  8768 | D        | Gained mutation: You occasionally shout uncontrollably at
                  | your foes. [an orb of fire]
  8770 | D        | Gained mutation: You are dopey. (Int -2) [an orb of fire]
  9222 | D        | Killed an orb of fire
  9222 | D        | Reached skill level 15 in Maces & Flails
  9235 | D        | Killed a golden dragon
  9235 | D        | Received a gift from Trog
  9389 | D        | Killed a tentacled monstrosity
  9389 | D        | Reached skill level 15 in Unarmed Combat
  9409 | D        | Received a gift from Trog
  9641 | D        | Noticed an Orb Guardian
  9641 | D        | Noticed an Orb Guardian
  9641 | D        | Noticed an Orb Guardian
  9641 | D        | Noticed an Orb Guardian
  9641 | D        | Noticed an Orb Guardian
  9641 | D        | Noticed an Orb Guardian
  9647 | D        | Killed an Orb Guardian
  9651 | D        | Killed an Orb Guardian
  9653 | D        | Noticed an Orb Guardian
  9654 | D        | Killed an Orb Guardian
  9658 | D        | Killed an Orb Guardian
  9658 | D        | Reached skill level 15 in Throwing
  9660 | D        | Killed an Orb Guardian
  9661 | D        | Noticed an Orb Guardian
  9667 | D        | Killed an Orb Guardian
  9674 | D        | Killed an Orb Guardian
  9679 | D        | Killed an Orb Guardian
  9679 | D        | Received a gift from Trog
  9680 | D        | Noticed an Orb Guardian
  9683 | D        | Noticed an Orb Guardian
  9688 | D        | Killed an Orb Guardian
  9688 | D        | Reached XP level 19. HP: 199/207 MP: 18/18
  9712 | D        | Reached skill level 5 in Stealth
  9715 | D        | Reached skill level 15 in Evocations
  9728 | D        | Received a gift from Trog
  9755 | D        | Got an ivory morningstar {god gift}
  9756 | D        | Identified the +9 morningstar of Izxacw {vorpal, rC+} (Trog
                  | gifted it to you in the Dungeon)
  9764 | D        | Noticed an ancient lich
  9774 | D        | Noticed a Tzitzimitl
  9775 | D        | Killed an ancient lich
  9860 | D        | Noticed an orb of fire
  9860 | D        | Gained mutation: You do not regenerate when monsters are
                  | visible. [an orb of fire]
  9871 | D        | Killed an orb of fire
  9871 | D        | Received a gift from Trog
 10039 | D        | Noticed an electric golem
 10048 | D        | Killed an electric golem
 10048 | D        | Reached skill level 10 in Stealth
 10051 | D        | Noticed an electric golem
 10051 | D        | Noticed an orb of fire
 10051 | D        | Noticed an orb of fire
 10061 | D        | Gained mutation: You are frail. (-10% HP) [an orb of fire]
 10064 | D        | Noticed an orb of fire
 10066 | D        | Gained mutation: You are very frail. (-20% HP) [an orb of
                  | fire]
 10069 | D        | Noticed an ancient lich
 10070 | D        | Killed an orb of fire
 10071 | D        | Gained mutation: You are extremely frail. (-30% HP) [an orb
                  | of fire]
 10081 | D        | Killed an orb of fire
 10082 | D        | Noticed a golden dragon
 10085 | D        | Noticed a golden dragon
 10088 | D        | Received a gift from Trog
 10092 | D        | Killed an electric golem
 10098 | D        | Killed an orb of fire
 10108 | D        | Killed an ancient lich
 10116 | D        | Killed a golden dragon
 10123 | D        | Killed a golden dragon
 10131 | D        | Received a gift from Trog
 10277 | D        | Reached XP level 20. HP: 148/151 MP: 19/19
 10298 | D        | Reached skill level 15 in Stealth
 10310 | D        | Received a gift from Trog
 10427 | D        | Received a gift from Trog
 10431 | D        | Noticed an ancient lich
 10441 | D        | Received a gift from Trog
 10468 | D        | Killed an ancient lich
 10468 | D        | Received a gift from Trog
 10489 | D        | Received a gift from Trog
 10768 | D        | Received a gift from Trog
 10806 | D        | Received a gift from Trog
 10842 | D        | Received a gift from Trog
 10842 | D        | Reached skill level 27 in Short Blades
 10853 | D        | Got an elven rune of Zot
 11234 | D        | Received a gift from Trog
 11242 | D        | Paralysed by a floating eye for 4 turns
 11256 | D        | Paralysed by a floating eye for 2 turns
 11353 | D        | Noticed the Royal Jelly
 11368 | D        | Killed the Royal Jelly
 11368 | D        | Received a gift from Trog
 11369 | D        | Paralysed by a floating eye for 3 turns
 11380 | D        | Paralysed by a floating eye for 4 turns
 11393 | D        | Paralysed by a floating eye for 3 turns
 11582 | D        | Paralysed by a floating eye for 3 turns
 11586 | D        | Reached XP level 21. HP: 112/155 MP: 20/20
 11592 | D        | Received a gift from Trog
 11599 | D        | Got a slimy rune of Zot
 11741 | D        | Received a gift from Trog
 11756 | D        | Received a gift from Trog
 12073 | D        | Received a gift from Trog
 12095 | D        | Received a gift from Trog
 12426 | D        | Noticed a greater mummy
 12438 | D        | Killed a greater mummy
 12438 | D        | Reached skill level 27 in Unarmed Combat
 12446 | D        | Received a gift from Trog
 12742 | D        | Noticed a greater mummy
 12742 | D        | Noticed a greater mummy
 12742 | D        | Noticed a greater mummy
 12753 | D        | Killed a greater mummy
 12753 | D        | Received a gift from Trog
 12754 | D        | Noticed a greater mummy
 12756 | D        | Noticed a greater mummy
 12761 | D        | HP: 2/156 [greater mummy/divine providence (16)]
 12767 | D        | Killed a greater mummy
 12781 | D        | HP: 2/234 [greater mummy/divine providence (15)]
 12784 | D        | Killed a greater mummy
 12784 | D        | Received a gift from Trog
 12788 | D        | HP: 4/234 [??? (2)]
 12791 | D        | Killed a greater mummy
 12798 | D        | Killed a greater mummy
 12798 | D        | Reached skill level 27 in Throwing
 12801 | D        | Got a golden rune of Zot
 13219 | D        | Received a gift from Trog
 13245 | D        | Received a gift from Trog
 13253 | D        | Got an abyssal rune of Zot
 13443 | D        | Noticed Geryon
 13456 | D        | Killed Geryon
 13464 | D        | Identified the +7 sceptre of Asmodeus
 13464 | D        | Noticed Asmodeus
 13464 | D        | Identified the +4 staff of Dispater
 13464 | D        | Noticed Dispater
 13464 | D        | Noticed Mnoleg
 13483 | D        | Killed Dispater
 13513 | D        | Killed from afar by Asmodeus

Illustrated notes

Levels and vault maps discovered:
D:        linesprint [early_d, line_temple, items_1, d_10, items_2, lair_1,
          lair_end, items_3, orc_1, orc_end, items_4, d_15, swamp_1, shoals_1,
          snake_1, spider_1, d_20, vaults_1, items_5, swamp_end, shoals_end,
          snake_end, spider_end, vaults_end, d_27, items_6, zot_1, zot_end,
          crypt_end, forest_end, elf_end, slime_end, tomb_end, abyss_end,
          pan_hell_end]

Skill      XL: |  1  2  3  4  5  6  7  8  9 10 11 12 13 14 15 16 17 18 19 20 21 |
---------------+----------------------------------------------------------------+-----
Fighting       | 5 6 7 8 10 11 13 14 17 18 20 23 27 | 27.0
Armour         | 5 6 7 8 10 11 12 13 14 15 17 20 27 | 27.0
Shields        | 6 7 8 9 12 13 14 15 18 23 27 | 27.0
Short Blades   | 3 4 6 9 10 12 14 16 17 21 24 27 | 27.0
Dodging        | 1 2 4 5 7 8 9 10 12 17 27 | 27.0
Stealth        | 1 3 4 14 19 24 | 24.1
Evocations     | 1 2 7 14 18 22 26 | 26.1
Axes           | 14 22 27 | 27.0
Maces & Flails | 9 18 19 | 19.3
Throwing       | 8 15 20 24 27 | 27.0
Unarmed Combat | 8 17 21 25 27 | 27.0

Action                   |  1- 3 |  4- 6 |  7- 9 | 10-12 | 13-15 | 16-18 | 19-21 || total
-------------------------+-------+-------+-------+-------+-------+-------+-------++-------
Melee: Rapier            |    35 |    34 |    39 |   124 |       |       |       ||   232
       Headbutt          |     4 |     6 |    19 |    94 |   165 |   228 |   236 ||   752
       Quick blade       |       |       |       |   118 |       |       |       ||   118
       Broad axe         |       |       |       |   104 |   615 |   601 |   540 ||  1860
       Sacred scourge    |       |       |       |       |       |       |    76 ||    76
Invok: Berserk           |       |     1 |     1 |     8 |    12 |    11 |    12 ||    45
       Brothers in Arms  |       |       |       |       |       |     1 |       ||     1
       Trog's Hand       |       |       |       |       |       |       |     2 ||     2
Evoke: Wand              |       |       |       |     5 |     2 |       |     2 ||     9
  Use: Potion            |     1 |     1 |     1 |     1 |     2 |     1 |     6 ||    13
       Scroll            |       |       |       |       |     1 |    21 |     2 ||    24
 Stab: Petrifying        |       |       |       |     1 |       |       |       ||     1
       Distracted        |       |       |       |       |       |       |     1 ||     1
Armor: Scale mail        |     8 |    10 |     6 |    16 |       |       |       ||    40
       Plate armour      |       |       |       |    26 |    85 |       |       ||   111
       Chain mail        |       |       |       |       |    65 |    37 |       ||   102
       Storm dragon scal |       |       |       |       |       |    18 |       ||    18
       Gold dragon scale |       |       |       |       |       |    12 |   124 ||   136
Dodge: Dodged            |     7 |    19 |    14 |    71 |   123 |   129 |    98 ||   461
Block: Kite shield       |    17 |    14 |    14 |    74 |   157 |   236 |   307 ||   819
       Tower shield      |       |       |       |   112 |   193 |       |       ||   305
       Reflection        |       |       |       |       |     5 |     7 |     6 ||    18

Table legend: (Time is in decaauts) A = Elapsed time spent in this place. B = Non-inter-level travel time spent in this place. C = Inter-level travel time spent in this place. D = Time resting spent in this place. E = Time spent auto-exploring this place. F = Levels seen in this place. G = Mean time per level. A B C D E F G +--------+--------+--------+--------+--------+-----+--------+ Total | 12748 | 12748 | 0 | 7494 | 1092 | 1 | 12748.0 | Dungeon | 12748 | 12748 | 0 | 7494 | 1092 | 1 | 12748.0 | +--------+--------+--------+--------+--------+-----+--------+

Top non-repeatable levels by time:
       D: 12748 daAuts
